 Dungeon Crawl Stone Soup version 0.30-a0-1157-g2cc9ac7196 (webtiles) character file.

Game seed: 8866523678096560197

487 qeuew the Sneak (level 7, -1/46 HPs)
             Began as an Octopode Brigand on Apr 24, 2023.
             Succumbed to Edmund's poison
             ... on level 4 of the Dungeon.
             The game lasted 00:03:46 (3307 turns).

qeuew the Sneak (Octopode Brigand)                  Turns: 3307, Time: 00:03:47

Health: -1/46      AC:  1    Str: 10    XL:     7   Next: 13%
Magic:  7/7        EV: 14    Int: 13    God:
Gold:   175        SH:  0    Dex: 16    Spells: 6/6 levels left

rFire   . . .        a - +2 dagger (drain)
rCold   . . .        (no shield)
rNeg    . . .        (helmet restricted)
rPois   .            (no amulet)
rElec   .            (no ring)
rCorr   .            (no ring)
SInv    .            (no ring)
Will    .....        (no ring)
Stlth   +++++        (no ring)
HPRegen 0.27/turn    (no ring)
MPRegen 0.10/turn    (no ring)
                     (no ring)

%: no passive effects
@: lethally poisoned (-1 -> -29), about to teleport
A: almost no armour, amphibious, 8 rings, camouflage 1, gelatinous body 1,
(nimble swimmer 1), tentacles
a: no special abilities


You were on level 4 of the Dungeon.
You visited 1 branch of the dungeon, and saw 4 of its levels.

You collected 175 gold pieces.

Inventory:

Hand Weapons
 a - a +2 dagger of draining (weapon)
Missiles
 b - 11 poisoned darts (quivered)
 c - 3 curare-tipped darts
 d - 5 atropa-tipped darts
Wands
 h - a wand of flame (12)
Scrolls
 f - a scroll of silence
 g - a scroll of teleportation
 j - a scroll of enchant armour
Potions
 e - a potion of ambrosia
 i - a potion of brilliance
 k - 2 potions of cancellation


   Skills:
 + Level 3.1 Fighting
 * Level 4.3 Short Blades
 + Level 3.3 Throwing
 + Level 2.6 Dodging
 * Level 7.8 Stealth


You had 6 spell levels left.
You didn't know any spells.
Your spell library contained the following spells:

 Spells                   Type           Power      Damage    Failure   Level
 Blink                    Tloc           0%         N/A       43%         2
 Lesser Beckoning         Tloc           0%         N/A       43%         2
 Momentum Strike          Conj/Tloc      0%         3d8       43%         2
 Dazzling Flash           Conj/Hex       0%         N/A       67%         3
 Agony                    Necr           0%         N/A       100%        5
 Silence                  Hex/Air        0%         N/A       100%        5


Dungeon Overview and Level Annotations

Branches:
Dungeon (4/15)
 Temple: D:4-7

Altars:
Nemelex Xobeh

Shops:
D:2 *

Annotations:
D:4 Edmund


Innate Abilities, Weirdness & Mutations

You cannot wear most types of armour.
You are amphibious.
You can wear up to eight rings at the same time.
Your skin changes colour to match your surroundings (Stealth+).
Your rubbery body absorbs attacks. (AC +1, EV +1)
((You are camouflaged when in or above water. (Stealth+)))
You have tentacles for arms and can constrict up to eight enemies at once.


Message History

You constrict Edmund.
Edmund hits you with a +0 flail of venom!
You are poisoned.
You hit Edmund. You drain Edmund.
Edmund is moderately wounded.
You constrict Edmund.
You feel very sick. Edmund closely misses you.
You barely miss Edmund. You tentacle-slap Edmund.
Edmund is moderately wounded.
You constrict Edmund.
You feel very sick. Edmund closely misses you.
Edmund is nearby!
Edmund is nearby!
You hit Edmund.
Edmund is moderately wounded.
You constrict Edmund, but do no damage.
You feel sick.
Unknown command.
You barely miss Edmund.
Edmund is moderately wounded.
You constrict Edmund.
You feel sick.
Edmund hits you with a +0 flail of venom.
You are more poisoned.
You hit Edmund. You drain Edmund.
Edmund is heavily wounded.
You constrict Edmund, but do no damage.
You feel very sick.
Edmund hits you with a +0 flail of venom!
* * * LOW HITPOINT WARNING * * *
You are more poisoned.
Okay, then.
As you read the scroll of teleportation, it crumbles to dust.
You feel strangely unstable.
You constrict Edmund.
* * * LOW HITPOINT WARNING * * *
You feel extremely sick. Edmund closely misses you.
Unknown command.
You release your grip on Edmund.
You die...

#..........# #.
#..........# #.
............# ##.
#...........# #..
...........# ###.#
##........## ##....
#......@...#
##..... #
#..........#
#...)..
..###......@...#
#......
..............##..#
#......
#............<..#
#......
##..........###.#
#......
###......#.#
#.####.....
#.######.#
#.#........ #.## .#
#...#...... #..#
##.##....... ##.#
##.###.......[...


You could see Edmund (very drained).

Vanquished Creatures
  Sigmund (D:2)
  A scorpion (D:4)
  2 jellies (D:2)
  4 gnolls
  7 adders
  An ufetubus (D:4)
  A worm (D:3)
  4 dart slugs
  An orc (D:3)
  19 endoplasms
  3 giant cockroaches
  6 goblins
  2 hobgoblins
  3 jackals (D:1)
  3 quokkas
  7 ball pythons
  8 bats
  A frilled lizard (D:2)
  13 kobolds
  5 rats
92 creatures vanquished.

Vanquished Creatures (others)
  A fungus (D:2)
  13 toadstools (D:2)
14 creatures vanquished.

Grand Total: 106 creatures vanquished

Notes
Turn   | Place    | Note
-------+----------+-------------------------------------------
     0 | D:1      | qeuew the Octopode Brigand began the quest for the Orb.
     0 | D:1      | Reached XP level 1. HP: 14/14 MP: 1/1
   183 | D:1      | Reached XP level 2. HP: 19/19 MP: 2/2
   421 | D:1      | Found a faded altar of an unknown god.
   657 | D:1      | Reached XP level 3. HP: 24/24 MP: 3/3
  1285 | D:2      | Noticed Sigmund
  1287 | D:2      | Killed Sigmund
  1288 | D:2      | Reached skill level 6 in Stealth
  1288 | D:2      | Reached XP level 4. HP: 30/30 MP: 4/4
  1288 | D:2      | Reached XP level 5. HP: 36/36 MP: 5/5
  1294 | D:2      | Found Ocitrour's General Store.
  1430 | D:2      | Reached XP level 6. HP: 38/41 MP: 6/6
  1493 | D:2      | Identified the +0 short sword of Action {protect, Will-
                  | rCorr Str-4 Int+9}
  1518 | D:2      | Reached skill level 7 in Stealth
  2281 | D:3      | Found the amulet of Elemental Vulnerability {rPois rF--
                  | rC-- AC+8}
  2704 | D:3      | Found a sparkling altar of Nemelex Xobeh.
  3187 | D:4      | Reached XP level 7. HP: 39/46 MP: 7/7
  3294 | D:4      | Noticed Edmund
  3307 | D:4      | Succumbed to Edmund's poison

Illustrated notes

Levels and vault maps discovered:
D:1:      spicycebolla_arrival_clurvy, layout_basic,
          ebering_ecumenical_altar_hall
D:2:      cheibrodos_fertilizer, layout_basic, serial_shops, shop,
          minmay_tree_intersection, uniq_sigmund
D:3:      layout_loops_corners, nemelex_dance_club_becter
D:4:      minmay_chambers_of_threes, layout_rooms, st_stairs_6,
          minmay_goblin_kobold_house, uniq_edmund

Skill      XL: |  1  2  3  4  5  6 |
---------------+-------------------+-----
Short Blades   | 3 4 |  4.3
Dodging        | 2 |  2.6
Stealth        | 6 7 |  7.8
Fighting       | 3 |  3.1
Throwing       | 3 |  3.3

Action                     |  1- 3 |  4- 6 |  7- 9 || total
---------------------------+-------+-------+-------++-------
  Melee: Dagger            |    51 |   102 |    15 ||   168
         Constrict         |    10 |    18 |     5 ||    33
         Tentacles         |     6 |    18 |     3 ||    27
         Punch             |     1 |       |     1 ||     2
    Use: Scroll            |     1 |     8 |     1 ||    10
         Potion            |     1 |       |       ||     1
   Stab: Sleeping          |    12 |    17 |       ||    29
         Distracted        |     1 |       |       ||     1
 Armour: Skin              |     4 |     4 |       ||     8
  Dodge: Dodged            |    20 |    61 |     7 ||    88

Table legend: (Time is in decaauts)
 A = Elapsed time spent in this place.
 B = Non-inter-level travel time spent in this place.
 C = Inter-level travel time spent in this place.
 D = Time resting spent in this place.
 E = Time spent auto-exploring this place.
 F = Levels seen in this place.
 G = Mean time per level.
                   A        B        C        D        E       F      G
               +--------+--------+--------+--------+--------+-----+--------+
         Total |   3278 |   3207 |     71 |     98 |   2577 |   4 |  819.5 |
       Dungeon |   3278 |   3207 |     71 |     98 |   2577 |   4 |  819.5 |
               +--------+--------+--------+--------+--------+-----+--------+

Top non-repeatable levels by time:
     D:2: 1230 daAuts
     D:1: 946 daAuts
     D:3: 888 daAuts
     D:4: 213 daAuts
